AoeStats
← Mr_Unorthodox_

Arena

508896874Analyzed
1v1 RM · 8d ago on Sep 24, 2026· 60m 30s· 2 players
Game mode
Random Map
Map size
Tiny (2 player)
Population
200
Speed
Normal
Resources
Standard
Victory
Conquest
Starting age
Dark Age
Ending age
Imperial Age
RankedLock teamsTeams togetherTeam positionsShared explorationLock speedFull tech treeHidden civsTurbo modeCheats
Victory
Defeat
🇺🇸 Italians · United States
1086
+13
🇳🇱 Varangians · Netherlands
1030
-13
Medina90
10:35 Feudal Age
14:06 Castle Age
12:13 Double-Bit Axe
20:34 Horse Collar
23:09 Wheelbarrow
23:16 Bow Saw
25:56 Scale Barding Armor
31:41 Imperial Age
31:23 Hand Cart
30:53 Loom
31:51 Bloodlines
31:42 Husbandry
33:43 Cavalier
34:21 Gold Mining
35:47 Elite Jarl
36:45 Forging
36:26 Fletching
36:57 Vendel Legacy
38:25 Elite Skirmisher
39:46 Bodkin Arrow
39:52 Padded Archer Armor
40:12 Chain Barding Armor
40:28 Iron Casting
40:41 Bracer
45:25 Ballistics
45:21 Leather Archer Armor
45:59 Heavy Plow
50:34 Plate Barding Armor
52:52 Ring Archer Armor
53:22 Blast Furnace
55:36 Fortified Wall
57:37 Chemistry
57:46 Capped Ram
58:33 Light Cavalry
59:44 Hussar
Mr_Unorthodox_
7:22 Loom
13:12 Feudal Age
14:16 Double-Bit Axe
14:26 Horse Collar
17:12 Castle Age
15:28 Fletching
16:52 Padded Archer Armor
17:03 Gold Mining
17:51 Bodkin Arrow
18:08 Bow Saw
17:59 Heavy Plow
19:00 Crossbowman
22:18 Town Watch
24:18 Ballistics
25:27 Leather Archer Armor
30:46 Thumb Ring
35:28 Imperial Age
35:50 Arbalester
36:33 Bracer
37:36 Chemistry
37:31 Ring Archer Armor
40:49 Light Cavalry
41:40 Bloodlines
44:10 Scale Barding Armor
44:16 Forging
46:11 Chain Barding Armor
46:27 Iron Casting
46:26 Husbandry
51:28 Hussar
52:39 Elite Skirmisher
Connection lost

Rejoining the realm…

Still unreachable

The connection could not be restored.

Session expired

The server has moved on; the page needs a fresh start.